 Dungeon Crawl Stone Soup version 0.23-a0-49-gd9f7a49668 (webtiles) character file.

130 LLavrengius the Insei (level 5, -2/36 HPs)
             Began as an Octopode Transmuter on Aug 7, 2018.
             Was a Believer of Makhleb.
             Slain by an orc
             ... wielding a +2 hand axe of freezing
              (9 damage)
             ... on level 4 of the Dungeon.
             The game lasted 00:10:55 (3558 turns).

LLavrengius the Insei (Octopode Transmuter)         Turns: 3558, Time: 00:10:56

Health: -2/36      AC:  1    Str:  9    XL:     5   Next: 13%
Magic:  8/8        EV: 13    Int: 17    God:    Makhleb [**....]
Gold:   74         SH:  0    Dex: 12    Spells: 2/8 levels left

rFire    . . .     SeeInvis .     - Unarmed
rCold    . . .     Gourm    .   (no shield)
rNeg     . . .     Faith    .   (helmet restricted)
rPois    +         Spirit   .   (no amulet)
rElec    .         Reflect  .   n - ring of poison resistance
rCorr    .         Harm     .   (no ring)
MR       .....                  (no ring)
Stlth    ++........             (no ring)
HPRegen  0.12/turn              (no ring)
MPRegen  0.11/turn              (no ring)
                                (no ring)
                                (no ring)

@: no status effects
A: almost no armour, stealthy swim, amphibious, 8 rings, constrict 8, camouflage
1, gelatinous body 1
a: Minor Destruction, Renounce Religion


You were on level 4 of the Dungeon.
You worshipped Makhleb.
Makhleb was pleased with you.
You were not hungry.

You visited 1 branch of the dungeon, and saw 4 of its levels.

You collected 74 gold pieces.

Inventory:

Hand Weapons
 o - a cursed -3 hunting sling
 q - a +0 hunting sling of velocity
 u - a +0 blowgun
Missiles
 a - 11 arrows
 b - 92 stones (quivered)
 g - 43 sling bullets
 i - 3 curare-tipped needles
 s - 18 poisoned needles
Magical Staves
 r - an uncursed staff of energy
Jewellery
 n - a ring of poison resistance (left tentacle)
Wands
 v - a wand of enslavement (13)
Scrolls
 h - 5 scrolls of identify {unknown}
 j - a scroll of fog {unknown}
 l - a scroll of random uselessness {unknown}
 m - 2 scrolls of magic mapping {unknown}
Potions
 d - 2 potions of mutation {unknown}
 e - a potion of invisibility {unknown}
 f - a potion of berserk rage {unknown}
 k - a potion of flight {unknown}
 t - a potion of curing {unknown}
Comestibles
 c - 10 rations


   Skills:
 + Level 2.8 Fighting
 - Level 2.0 Dodging
 + Level 4.0 Unarmed Combat
 - Level 2.0 Spellcasting
 + Level 3.3 Transmutations


You had 2 spell levels left.
You knew the following spells:

 Your Spells              Type           Power        Failure   Level  Hunger
a - Beastly Appendage     Tmut           ##....       4%          1    #......
b - Sticks to Snakes      Tmut           ##......     8%          2    ###....
c - Spider Form           Tmut/Pois      #.........   30%         3    ###....

Your spell library contained the following spells:

 Spells                   Type           Power        Failure   Level  Hunger
 Blade Hands              Tmut           ##........   80%         5    ######.
 Ice Form                 Ice/Tmut       #.......     69%         4    #####..


Dungeon Overview and Level Annotations

Branches:
Dungeon (4/15)
 Temple: D:4-7

Altars:
Ashenzari
Fedhas
Gozag
Kikubaaqudgha
Makhleb

Annotations:
D:3 3 runed doors, AIAndy's ghost, novice GnWn; Ablot's ghost, amateur GnSk


Innate Abilities, Weirdness & Mutations

You cannot wear most types of armour.
You are very stealthy in the water. (Stealth+)
You are amphibious.
You can wear up to eight rings at the same time.
You can use your tentacles to constrict eight enemies at once.
Your skin changes colour to match your surroundings (Stealth+).
Your rubbery body absorbs attacks. (AC +1, EV +1)


Message History

You barely miss the orc wizard.
The orc wizard is lightly wounded.
You constrict the orc wizard. The orc misses you. The orc wizard misses you.
You tentacle-slap the orc wizard. You squeeze the orc wizard.
The orc wizard is severely wounded.
You constrict the orc wizard. The orc wizard hits you with a dagger.
* * * LOW HITPOINT WARNING * * *
The orc closely misses you. x2
You tentacle-slap the orc wizard but do no damage.
You squeeze the orc wizard.
You kill the orc wizard!
Makhleb accepts your kill.
Your Unarmed Combat skill increases to level 4!
You have reached level 5!
You feel clever. The orc barely misses you.
You tentacle-slap the orc. Your grab misses the orc.
The orc is moderately wounded.
The orc hits you with a hand axe of freezing!
You die...

### ..# # #.#
#.... #.#.###
#.oo).# ..
###@#.# ...
#$....#
....###.###
######
#.....########
#.....
#.#.(........#
#.####
#...(........#
#.#
##.##.#####..#
#.# #. #.#
#..# #.# #.
#.# #..# #.#


You could see 2 orcs.

Vanquished Creatures
  An orc wizard (D:4)
  3 adders (D:3)
  A worm (D:2)
  2 dart slugs
  3 leopard geckos
  An orc (D:4)
  2 ball pythons (D:1)
  4 giant cockroaches
  9 goblins
  7 hobgoblins
  3 jackals (D:3)
  4 quokkas
  4 bats
  3 frilled lizards
  9 kobolds
  6 rats
  A plant (D:2)
63 creatures vanquished.

Vanquished Creatures (others)
  A withered plant (D:3)
1 creature vanquished.

Grand Total: 64 creatures vanquished

Notes
Turn   | Place    | Note
-------+----------+-------------------------------------------
     0 | D:1      | LLavrengius the Octopode Transmuter began the quest for the Orb.
     0 | D:1      | Reached XP level 1. HP: 13/13 MP: 3/3
   187 | D:1      | Reached XP level 2. HP: 18/18 MP: 5/5
   195 | D:1      | Learned a level 2 spell: Sticks to Snakes
   907 | D:2      | Found a faded altar of an unknown god.
  1050 | D:2      | Became a worshipper of Makhleb the Destroyer
  1050 | D:2      | Reached * piety under Makhleb
  1066 | D:2      | Found an ancient bone altar of Kikubaaqudgha.
  1079 | D:2      | Found a blossoming altar of Fedhas.
  1154 | D:2      | Reached XP level 3. HP: 10/24 MP: 6/6
  1336 | D:2      | Learned a level 3 spell: Spider Form
  2302 | D:3      | Reached XP level 4. HP: 27/29 MP: 7/7
  3108 | D:3      | Reached ** piety under Makhleb
  3126 | D:3      | Found a runed gate.
  3126 | D:3      | Found a runed gate.
  3126 | D:3      | Found a runed gate.
  3126 | D:3      | Noticed AIAndy's ghost (novice GnWn)
  3127 | D:3      | Noticed Ablot's ghost (amateur GnSk)
  3428 | D:4      | Found a shattered altar of Ashenzari.
  3542 | D:4      | Found an opulent altar of Gozag.
  3557 | D:4      | Reached skill level 4 in Unarmed Combat
  3557 | D:4      | Reached XP level 5. HP: 7/36 MP: 8/8
  3558 | D:4      | Slain by an orc

Vault maps used:
D:1:      nzn_arrival_water_spiral
D:2:      grunt_temple_overflow_growth_and_decay,
          chequers_ecumenical_altar_simple, first_ration, serial_bayou,
          serial_bayou_pond_d, serial_bayou_ford_a, serial_bayou_lagoon_a,
          serial_bayou_lake_a
D:3:      corexii_shack_village, gammafunk_ghost_cemetery
D:4:      kennysheep_little_box, nicolae_gozag_cash_rules_everything_around_me,
          grunt_decor_resistance, minmay_divided_ellipse

Skill      XL: |  1  2  3  4 |
---------------+-------------+-----
Fighting       | 2 |  2.8
Transmutations | 3 |  3.3
Unarmed Combat | 4 |  4.0
Dodging        | |  2.0
Spellcasting   | |  2.0

Action                   |  1- 3 |  4- 6 || total
-------------------------+-------+-------++-------
Melee: Unarmed           |   120 |    60 ||   180
       Constrict         |    28 |    15 ||    43
       Tentacles         |    25 |     7 ||    32
       Punch             |     3 |     1 ||     4
       Kick              |     2 |       ||     2
 Cast: Sticks to Snakes  |     1 |       ||     1
       Beastly Appendage |     1 |       ||     1
 Stab: Sleeping          |     8 |     3 ||    11
  Eat: Chunk             |     4 |     4 ||     8
Armor: Skin              |     9 |     9 ||    18
Dodge: Dodged            |    46 |    37 ||    83

Table legend:
 A = Spawn XP
 B = Non-spawn XP
 C = Spawn XP percentage of total XP
 D = Spawn monster count
 E = Non-spawn monster count
 F = Spawn count percentage of total count
 G = Total turns spent on level
                    A         B        C        D         E        F      G
               +---------+---------+-------+---------+---------+-------+---------
         Total |       0 |     186 |   0.0 |       0 |      62 |   0.0 |  3558
               +---------+---------+-------+---------+---------+-------+---------
           D:1 |       0 |      15 |   0.0 |       0 |       9 |   0.0 |   506
           D:2 |       0 |      27 |   0.0 |       0 |      14 |   0.0 |  1296
           D:3 |       0 |     101 |   0.0 |       0 |      36 |   0.0 |  1432
           D:4 |       0 |      43 |   0.0 |       0 |       3 |   0.0 |   324
               +---------+---------+-------+---------+---------+-------+---------
